 Dungeon Crawl Stone Soup version 0.31-a0-149-g3fdcc5976a (webtiles) character file.

Game seed: 1807228692152396484

2592 jasper the Geomancer (level 9, -1/71 HPs)
             Began as a Demigod Earth Elementalist on June 7, 2023.
             Slain by a gargoyle
             ... wielding a +0 flail
              (11 damage)
             ... on level 7 of the Dungeon.
             The game lasted 00:09:17 (7100 turns).

jasper the Geomancer (Demigod Earth Elementalist)   Turns: 7100, Time: 00:09:17

Health: -1/71      AC:  5    Str:  9    XL:     9   Next: 11%
Magic:  2/14       EV: 17    Int: 29    God:
Gold:   323        SH:  6    Dex: 14    Spells: 5/11 levels left

rFire   + . .        s - +0 spear (venom)
rCold   + . .        l - +1 buckler
rNeg    . . .        o - +1 leather armour {rC+}
rPois   .            (no helmet)
rElec   .            (no cloak)
rCorr   .            (no gloves)
SInv    .            A - +0 pair of boots
Will    .....        r - amulet of regeneration
Stlth   ++           J - +5 ring of evasion
HPRegen 1.11/turn    F - ring of protection from fire
MPRegen 0.14/turn

%: no passive effects
@: no status effects
A: high MP 1, forlorn, divine attributes
a: no special abilities


You were on level 7 of the Dungeon.
You visited 1 branch of the dungeon, and saw 8 of its levels.
You also visited: Sewer.

You collected 323 gold pieces.

Inventory:

Hand Weapons
 k - a +1 hand axe
 s - a +0 spear of venom (weapon)
 u - the +0 short sword of Conscience {heavy, rN++}
   (You found it on level 4 of the Dungeon)

   rN:        It greatly protects you from negative energy.
Missiles
 i - 73 stones
 n - 16 poisoned darts
 v - 5 boomerangs
Armour
 a - a +0 robe
 e - a +0 leather armour
 l - a +1 buckler (worn)
 o - a +1 leather armour of cold resistance (worn)
 A - a +0 pair of boots (worn)
 K - +0 steam dragon scales
Jewellery
 c - a ring of resist corrosion
 r - an amulet of regeneration (around neck)
 t - an amulet of guardian spirit
 C - a ring of ice
 F - a ring of protection from fire (right hand)
 H - a ring of positive energy
 J - a +5 ring of evasion (left hand)
Wands
 y - a wand of charming (10)
Scrolls
 f - 3 scrolls of vulnerability
 z - a scroll of immolation
 B - a scroll of enchant weapon
 D - a scroll of fear
 G - 2 scrolls of enchant armour
 L - a scroll of magic mapping {unknown}
Potions
 b - 2 potions of magic
 d - a potion of degeneration
 g - a potion of enlightenment
 h - 2 potions of curing
 j - a potion of invisibility {unknown}
 m - 3 potions of haste
 p - a potion of might {unknown}
 q - 2 potions of cancellation {unknown}
 w - 3 potions of berserk rage {unknown}
 x - a potion of lignification {unknown}
 E - a potion of attraction {unknown}


   Skills:
 + Level 4.0 Fighting
 + Level 4.5 Dodging
 - Level 1.7 Stealth
 + Level 4.0 Shields
 - Level 1.7 Spellcasting
 - Level 0.8 Transmutations
 - Level 9.4 Earth Magic


You had 5 spell levels left.
You knew the following spells:

 Your Spells              Type           Power      Damage    Failure   Level
a - Sandblast             Erth           100%       2d20      1%          1
b - Passwall              Tmut/Erth      26%        N/A       3%          2
c - Stone Arrow           Conj/Erth      60%        3d10      8%          3

Your spell library contained the following spells:

 Spells                   Type           Power      Damage    Failure   Level
 Petrify                  Tmut/Erth      32%        N/A       22%         4
 Simulacrum               Ice/Necr       1%         N/A       100%        6
 Ozocubu's Refrigeration  Ice            1%         4d7       100%        7
 Polar Vortex             Ice            1%         N/A       100%        9


Dungeon Overview and Level Annotations

Branches:
Dungeon (8/15)             Temple (0/1) D:4           Sewer (visited)
   Lair: D:8-11

Shops:
D:2 :


Innate Abilities, Weirdness & Mutations

You have an increased reservoir of magic. (+10% MP)
You shall have no god before yourself.
Your divine heritage dramatically boosts your attributes as you level up.


Message History

You take 9 damage, and have 23/71 hp.
You now have 5/14 mp.
Casting: Sandblast (safe; 1% risk of failure)
Confirm with . or Enter, or press ? or * to list all spells.
Aiming: Sandblast (safe; 1% risk of failure)
Press: ? - help, Shift-Dir - straight line, f/p - gargoyle
Aim: a gargoyle, wielding a +0 flail (severely damaged, 93% to hit)
The blast of sand hits the gargoyle!
The gargoyle is almost destroyed.
The gargoyle closely misses you.
You now have 4/14 mp.
Casting: Sandblast (safe; 1% risk of failure)
Confirm with . or Enter, or press ? or * to list all spells.
Aiming: Sandblast (safe; 1% risk of failure)
Press: ? - help, Shift-Dir - straight line, f/p - gargoyle
Aim: a gargoyle, wielding a +0 flail (almost destroyed, 93% to hit)
The blast of sand hits the gargoyle but does no damage.
The gargoyle is almost destroyed.
The gargoyle completely misses you. The gargoyle hits you with a +0 flail!!
* * * LOW HITPOINT WARNING * * *
You take 17 damage, and have 7/71 hp.
MASSIVE DAMAGE!!
You now have 3/14 mp.
Casting: Sandblast (safe; 1% risk of failure)
Confirm with . or Enter, or press ? or * to list all spells.
Aiming: Sandblast (safe; 1% risk of failure)
Press: ? - help, Shift-Dir - straight line, f/p - gargoyle
Aim: a gargoyle, wielding a +0 flail (almost destroyed, 93% to hit)
The blast of sand hits the gargoyle but does no damage.
The gargoyle is almost destroyed.
You block the gargoyle's attack.
You regained 2 hp, and now have 9/71 hp.
You now have 2/14 mp.
Casting: Sandblast (safe; 1% risk of failure)
Confirm with . or Enter, or press ? or * to list all spells.
Aiming: Sandblast (safe; 1% risk of failure)
Press: ? - help, Shift-Dir - straight line, f/p - gargoyle
Aim: a gargoyle, wielding a +0 flail (almost destroyed, 93% to hit)
The blast of sand hits the gargoyle.
The gargoyle is almost destroyed.
The gargoyle hurls a stone arrow at you.
The stone arrow misses you. The gargoyle hits you with a +0 flail!
You die...

.#######..# #..<...........#
.##...##..######.############.#
......##.[.............)).....#
..)..)....####.....##.#######.#
..##))..)..........##.# #.#
..##.#########.....#..# ###.#
..##### ##...##..#####...##
..##..## ##.###..#........#
..#....# #@# #..#.##.....##
.##.⌠._# ### #9###..#.........#
.#.....#####.###......#..#....>.#
.#....##....#.#...#)..#..#....#.#
)))..8####.###.............#..#.#
##....####..#.#...#...........#.#
#.))..#...#.###.##..............
##.⌠._##..#.# ####..............
#....##..#.######...........#.#


You could see a gargoyle.

Vanquished Creatures
  Maggie (D:7)
  A water moccasin (D:6)
  2 ice beasts (D:6)
  A sky beast (D:6)
  A black bear (D:4)
  3 ogres
  2 centaurs
  A phantom (D:6)
  2 kobold brigands (D:7)
  3 bullfrogs
  A gnoll sergeant (D:5)
  3 wights (D:6)
  2 howler monkeys
  2 jellies
  A hound (D:5)
  An orc priest (D:4)
  A sleepcap (D:6)
  3 iguanas
  2 gnoll boudas (D:7)
  2 orc wizards (D:7)
  10 adders
  14 gnolls
  2 river rats (Sewer)
  2 white imps
  3 ufetubi
  A worm (D:5)
  4 dart slugs
  16 orcs
  17 ball pythons
  8 endoplasms
  2 giant cockroaches
  4 goblins
  4 hobgoblins
  8 jackals
  A quokka (D:4)
  A bat (D:5)
  3 frilled lizards
  11 kobolds
  23 rats
169 creatures vanquished.

Vanquished Creatures (others)
  A human (D:4)
1 creature vanquished.

Grand Total: 170 creatures vanquished

Notes
Turn   | Place    | Note
-------+----------+-------------------------------------------
     0 | D:1      | jasper the Demigod Earth Elementalist began the quest for
                  | the Orb.
     0 | D:1      | Reached XP level 1. HP: 14/14 MP: 5/5
   181 | D:1      | Reached skill level 3 in Earth Magic
   478 | D:2      | Reached XP level 2. HP: 20/20 MP: 4/7
   481 | D:2      | Learned a level 2 spell: Passwall
   789 | D:2      | Found Kiesofos's Book Boutique.
  1388 | D:3      | Reached XP level 3. HP: 19/26 MP: 6/8
  1454 | D:3      | Reached skill level 4 in Earth Magic
  2308 | D:4      | Noticed an earth elemental
  2311 | D:4      | Noticed a water elemental
  2311 | D:4      | Noticed an air elemental
  2311 | D:4      | Noticed a fire elemental
  2505 | D:4      | Noticed a black bear
  2510 | D:4      | Killed a black bear
  2511 | D:4      | Reached skill level 5 in Earth Magic
  2511 | D:4      | Reached XP level 4. HP: 22/33 MP: 3/9
  2515 | D:4      | Learned a level 3 spell: Stone Arrow
  2585 | D:4      | Identified the +0 short sword of Conscience {heavy, rN++}
  2678 | D:4      | Reached XP level 5. HP: 25/38 MP: 3/10
  2751 | D:4      | Found a staircase to the Ecumenical Temple.
  2831 | D:4      | Reached skill level 6 in Earth Magic
  3113 | D:4      | Noticed a human
  3114 | D:4      | Killed a human
  3123 | D:5      | Entered Level 5 of the Dungeon
  3141 | D:5      | Noticed an ogre
  3143 | D:5      | Killed an ogre
  3144 | D:5      | Reached XP level 6. HP: 45/45 MP: 8/11
  3315 | D:5      | Found a glowing drain.
  3334 | Sewer    | Entered a sewer
  3474 | Sewer    | Reached skill level 7 in Earth Magic
  3832 | Sewer    | Reached XP level 7. HP: 10/50 MP: 4/12
  4107 | D:5      | Reached skill level 8 in Earth Magic
  5017 | D:6      | Reached skill level 9 in Earth Magic
  5088 | D:6      | Reached XP level 8. HP: 46/57 MP: 6/13
  5401 | D:6      | Reached skill level 1 in Fighting
  5401 | D:6      | Reached skill level 1 in Shields
  6585 | D:7      | Noticed Maggie
  6589 | D:7      | Killed Maggie
  6590 | D:7      | Reached XP level 9. HP: 65/71 MP: 9/14
  7083 | D:8      | Noticed a gargoyle
  7100 | D:7      | Slain by a gargoyle

Illustrated notes

Levels and vault maps discovered:
D:1:      dpeg_arrival_tiny_i, layout_rooms, serial_glass, glass_columns_a,
          glass_columns_b, glass_columns_a, glass_columns_a, glass_columns_c,
          glass_columns_a, glass_columns_b, glass_columns_c, glass_columns_b,
          glass_columns_b
D:2:      layout_loops_ring, basic_altar, ebering_ecumenical_altar_abandoned,
          serial_shops, shop, roderic_lattice_a, glass_columns_c
D:3:      layout_basic, mainiacjoe_overflow_surrounded_room
D:4:      black_bear_nest_2, layout_rooms, lemuel_coloured_pillars_altar,
          tgw_kikubaaqudgha, kennysheep_slug_shrine,
          nicolae_qazlal_style_of_elements, minmay_temple_entry_stoned_glass,
          chequers_mini_garden
D:5:      layout_loops_corners, pf_just_have_faith, lemuel_crystal_altar,
          cheibrodos_sewer_entry_sluice
D:6:      layout_loops_corners, nicolae_concentric_dashed_squares_wild,
          minivault_5
D:7:      layout_loops_ring, lemuel_doored_altar,
          gammafunk_temple_overflow_pools, general_overflow_altar, uniq_maggie
D:8:      layout_rooms, lightli_temple_of_fire

Skill      XL: |  1  2  3  4  5  6  7  8  9 |
---------------+----------------------------+-----
Earth Magic    | 3 5 6 7 9 |  9.4
Dodging        | 4 |  4.5
Fighting       | 3 4 |  4.0
Shields        | 3 4 |  4.0
Stealth        | |  1.7
Spellcasting   | |  1.7
Transmutations | |  0.8

Action                     |  1- 3 |  4- 6 |  7- 9 || total
---------------------------+-------+-------+-------++-------
  Melee: Spear             |       |       |     8 ||     8
   Cast: Sandblast         |    53 |    88 |   129 ||   270
         Stone Arrow       |       |       |     2 ||     2
    Use: Scroll            |     3 |       |     7 ||    10
         Potion            |       |     2 |     3 ||     5
 Armour: Leather armour    |     1 |    35 |    20 ||    56
  Dodge: Dodged            |     9 |    44 |    52 ||   105
  Block: Buckler           |     1 |     5 |    17 ||    23

Table legend: (Time is in decaauts)
 A = Elapsed time spent in this place.
 B = Non-inter-level travel time spent in this place.
 C = Inter-level travel time spent in this place.
 D = Time resting spent in this place.
 E = Time spent auto-exploring this place.
 F = Levels seen in this place.
 G = Mean time per level.
                   A        B        C        D        E       F      G
               +--------+--------+--------+--------+--------+-----+--------+
         Total |   7270 |   7034 |    236 |     53 |   5984 |   9 |  807.8 |
       Dungeon |   6594 |   6358 |    236 |     53 |   5497 |   8 |  824.2 |
         Sewer |    675 |    675 |      0 |      0 |    486 |   1 |  675.0 |
               +--------+--------+--------+--------+--------+-----+--------+

Top non-repeatable levels by time:
     D:6: 1226 daAuts
     D:5: 1214 daAuts
     D:7: 991 daAuts
     D:3: 923 daAuts
     D:2: 918 daAuts
     D:4: 889 daAuts
   Sewer: 675 daAuts
     D:1: 429 daAuts
     D:8: 1 daAuts
